Get step-by-step instructions on how to execute this build order below. Start the game timer, and the build order will tick by so you can play in parallel with StarCraft on a second screen or mobile device.

Game Time

  0:00

Last Step

  N/A

Next Step

Upcoming Step



Don't want to look back and forth between 2 screens? Try out our Overwolf App, the Spawning Tool Build Advisor to get an in-game overlay with this build!

Complete Build Order

  12  0:26  Pylon  
  12  0:28  Pylon  
  12  0:29  Pylon  
  12  0:33  Pylon  
  12  0:48  Pylon  
  12  0:49  Pylon  
  12  0:51  Pylon  
  12  0:55  Pylon  
  12  1:04  Pylon